 Dungeon Crawl Stone Soup version 0.29.1-1-gd02db6906a (console) character file.

Game seed: 9053134947753010912

37 erker the Sneak (level 3, -2/21 HPs)
             Began as an Octopode Earth Elementalist on Oct 7, 2022.
             Slain by a hobgoblin (3 damage)
             ... on level 1 of the Dungeon.
             The game lasted 00:02:30 (942 turns).

erker the Sneak (Octopode Earth Elementalist)        Turns: 942, Time: 00:02:30

Health: -2/21      AC:  1    Str:  7    XL:     3   Next: 39%
Magic:  6/6        EV: 13    Int: 19    God:
Gold:   60         SH:  0    Dex: 12    Spells: 5/6 levels left

rFire   . . .      SeeInvis .   a - +0 dagger
rCold   . . .      Faith    .   (no shield)
rNeg    . . .      Spirit   .   (helmet restricted)
rPois   .          Reflect  .   (no amulet)
rElec   .          Harm     .   (no ring)
rCorr   .          Rampage  .   (no ring)
Will    .....                   (no ring)
Stlth   +++.......              (no ring)
HPRegen 0.07/turn               (no ring)
MPRegen 0.10/turn               (no ring)
                                (no ring)
                                (no ring)

@: no status effects
A: almost no armour, amphibious, 8 rings, camouflage 1, gelatinous body 1,
(nimble swimmer 1), tentacles
a: no special abilities


You were on level 1 of the Dungeon.
You visited 1 branch of the dungeon, and saw 1 of its levels.

You collected 60 gold pieces.

Inventory:

Hand Weapons
 a - a +0 dagger (weapon)
 b - a +0 short sword
Scrolls
 d - a scroll of summoning {unknown}
Potions
 c - 2 potions of heal wounds {unknown}
 e - a potion of magic
 f - a potion of ambrosia {unknown}
 g - a potion of invisibility {unknown}


   Skills:
 - Level 2.0 Dodging
 - Level 4.0 Stealth
 - Level 2.0 Spellcasting
 + Level 1.8 Transmutations
 + Level 3.4 Earth Magic


You had 5 spell levels left.
You knew the following spells:

 Your Spells              Type           Power      Damage    Failure   Level
a - Sandblast             Erth           28%        2d8       4%          1

Your spell library contained the following spells:

 Spells                   Type           Power      Damage    Failure   Level
 Passwall                 Tmut/Erth      10%        N/A       9%          2
 Stone Arrow              Conj/Erth      16%        3d8       26%         3
 Petrify                  Tmut/Erth      12%        N/A       50%         4


Dungeon Overview and Level Annotations

Branches:
Dungeon (1/15)

Altars:


Innate Abilities, Weirdness & Mutations

You cannot wear most types of armour.
You are amphibious.
You can wear up to eight rings at the same time.
Your skin changes colour to match your surroundings (Stealth+).
Your rubbery body absorbs attacks. (AC +1, EV +1)
((You are camouflaged when in or above water. (Stealth+)))
You have tentacles for arms and can constrict up to eight enemies at once.


Message History

You now have 60 gold pieces (gained 7).
A kobold comes into view. It is wielding a +0 club.
Found a helmet.
A hobgoblin comes into view.
A hobgoblin comes into view.
The kobold shouts!
The hobgoblin shouts! x2
Found a faded altar of an unknown god.
The kobold closely misses you.
You hit the kobold but do no damage. You grab the kobold.
You constrict the kobold. The kobold closely misses you.
You hit the kobold but do no damage.
The kobold is moderately wounded.
You constrict the kobold. The hobgoblin hits you. The kobold misses you.
The hobgoblin closely misses you.
You hit the kobold.
You kill the kobold!
The hobgoblin barely misses you. The hobgoblin completely misses you.
You hit the hobgoblin. Your grab misses the hobgoblin.
The hobgoblin is lightly wounded.
The hobgoblin closely misses you. The hobgoblin hits you.
You barely miss the hobgoblin. You grab the hobgoblin.
The hobgoblin is lightly wounded.
You constrict the hobgoblin, but do no damage.
The hobgoblin completely misses you. The hobgoblin closely misses you.
You hit the hobgoblin. Your squeeze misses the hobgoblin.
The hobgoblin is moderately wounded.
You constrict the hobgoblin. The hobgoblin misses you. The hobgoblin hits you.
You hit the hobgoblin.
The hobgoblin is almost dead.
You constrict the hobgoblin, but do no damage.
The hobgoblin hits you. x2
* * * LOW HITPOINT WARNING * * *
You are too injured to fight recklessly!
You release your grip on the hobgoblin.
The hobgoblin attacks as you move away! The hobgoblin misses you.
The hobgoblin attacks as you move away! The hobgoblin misses you.
The hobgoblin hits you.
* * * LOW HITPOINT WARNING * * *
The hobgoblin attacks as you move away! The hobgoblin hits you.
You die...

..)...............##
..###..)...........##
...#................#
...)................#
..##)...............#
....)...########....#
...#...####...###...#
#..#...##.......##..#
).....†#8...8..g@...#
##..#..#_......g8...#
#.....#8..[8)......#
......##.......##.##
.......####...####.#
##......# #### ..#
####.##.. ..# .. #.
.#


You could see 2 hobgoblins.

Vanquished Creatures
  A dart slug (D:1)
  3 bats (D:1)
  2 endoplasms (D:1)
  2 giant cockroaches (D:1)
  6 goblins (D:1)
  3 hobgoblins (D:1)
  A jackal (D:1)
  A quokka (D:1)
  3 ball pythons (D:1)
  A frilled lizard (D:1)
  6 kobolds (D:1)
  A rat (D:1)
30 creatures vanquished.

Notes
Turn   | Place    | Note
-------+----------+-------------------------------------------
     0 | D:1      | erker the Octopode Earth Elementalist began the quest for
                  | the Orb.
     0 | D:1      | Reached XP level 1. HP: 11/11 MP: 3/3
    59 | D:1      | Reached skill level 3 in Stealth
   119 | D:1      | Reached XP level 2. HP: 14/17 MP: 3/5
   122 | D:1      | Reached skill level 4 in Stealth
   745 | D:1      | Reached XP level 3. HP: 21/21 MP: 3/6
   931 | D:1      | Found a faded altar of an unknown god.
   941 | D:1      | HP: 1/21 [hobgoblin (4)]
   942 | D:1      | Slain by a hobgoblin

Illustrated notes

Levels and vault maps discovered:
D:1:      dpeg_arrival_more_subterranean_lakeside_camping, layout_rooms,
          hellmonk_ecumenical_altar_prayer_group, minmay_vboxes

Skill      XL: |  1  2 |
---------------+-------+-----
Stealth        | 3 4 |  4.0
Dodging        | |  2.0
Spellcasting   | |  2.0
Transmutations | |  1.8
Earth Magic    | |  3.4

Action                   || total
-------------------------++-------
Melee: Short sword       ||    14
       Tentacles         ||     7
       Unarmed           ||     2
       Constrict         ||     7
       Dagger            ||    17
 Cast: Sandblast         ||    27
 Stab: Sleeping          ||     1
Armor: Skin              ||     2
Dodge: Dodged            ||    33
